 Dungeon Crawl Stone Soup version 0.29.1-12-g30fa7ad0bf (webtiles) character file.

Game seed: 4694364863214305939

3782 sanboga the Grappler (level 9, -6/71 HPs)
             Began as a Demonspawn Artificer on Dec 14, 2022.
             Was a Plaything of Xom.
             Mangled by an orc warrior
             ... wielding a +0 war axe
              (12 damage)
             ... in a bailey.
             The game lasted 00:12:14 (9675 turns).

sanboga the Grappler (Demonspawn Artificer)         Turns: 9675, Time: 00:12:14

Health: -6/71      AC:  8    Str: 22    XL:     9   Next: 95%
Magic:  9/9        EV: 15    Int: 14    God:    Xom [..*...]
Gold:   419        SH:  4    Dex: 13    Spells: 8/8 levels left

rFire   . . .      SeeInvis +     - Unarmed
rCold   . . .      Faith    .   (no shield)
rNeg    . . .      Spirit   .   m - +0 ring mail
rPois   .          Reflect  .   (helmet unavailable)
rElec   .          Harm     .   (no cloak)
rCorr   .          Rampage  .   (no gloves)
Will    .....                   n - +1 pair of boots
Stlth   +.........              (no amulet)
HPRegen 0.21/turn               i - +4 ring of evasion
MPRegen 0.11/turn               s - +6 ring of strength

@: about to teleport, on berserk cooldown, slowed, very slow
A: antennae 3, condensation shield, demonic touch 2
a: Renounce Religion


You were in a bailey.
You worshipped Xom.
You were a toy of Xom.
You visited 2 branches of the dungeon, and saw 9 of its levels.
You also visited: Ossuary and Bailey.

You collected 579 gold pieces.
You spent 160 gold pieces at shops.

Inventory:

Armour
 m - a +0 ring mail (worn)
 n - a +1 pair of boots (worn)
Jewellery
 i - a +4 ring of evasion (left hand)
 s - a +6 ring of strength (right hand)
Wands
 c - a wand of flame (37)
 d - a wand of charming (15)
 e - a wand of iceblast (5)
 j - a wand of paralysis (12)
 y - a wand of polymorph (11) (quivered)
Scrolls
 f - 3 scrolls of identify
 l - 2 scrolls of butterflies
 o - 3 scrolls of enchant armour
 p - 3 scrolls of teleportation
Potions
 a - a potion of flight
 b - a potion of heal wounds
 g - 2 potions of lignification
 h - a potion of invisibility
 k - a potion of mutation {unknown}
 q - 2 potions of berserk rage {unknown}
 r - 8 potions of curing
 t - a potion of haste
 v - 3 potions of might


   Skills:
 + Level 6.4 Fighting
 - Level 0.5 Maces & Flails
 + Level 6.1 Armour
 - Level 0.8 Dodging
 - Level 0.8 Stealth
 * Level 8.2 Unarmed Combat
 + Level 7.1 Evocations


You had 8 spell levels left.
You didn't know any spells.
Your spell library contained the following spells:

 Spells                   Type           Power      Damage    Failure   Level
 Sting                    Tmut/Pois      0%         1d3       41%         1
 Poisonous Vapours        Pois/Air       0%         N/A       54%         2
 Static Discharge         Conj/Air       0%         3-3/arc   54%         2
 Dazzling Flash           Conj/Hex       0%         N/A       78%         3
 Stone Arrow              Conj/Erth      0%         3d7       78%         3
 Animate Armour           Summ/Erth      0%         N/A       99%         4
 Dispel Undead            Necr           0%         3d6       99%         4
 Olgreb's Toxic Radiance  Pois           0%         N/A       99%         4
 Sticky Flame             Conj/Fire      0%         2d3       99%         4
 Agony                    Necr           0%         N/A       100%        5
 Silence                  Hex/Air        0%         N/A       100%        5
 Lehudib's Crystal Spear  Conj/Erth      0%         10d2      100%        8


Dungeon Overview and Level Annotations

Branches:
Dungeon (8/15)             Temple (1/1) D:5         Ossuary (visited)
 Bailey (1/1)
   Lair: D:8-11

Altars:
Ashenzari
Cheibriados
Dithmenos
Fedhas
Gozag
Makhleb
Nemelex Xobeh
Okawaru
Qazlal
Ru
Sif Muna
Trog
Uskayaw
Vehumet
Wu Jian
Xom
Yredelemnul

Shops:
D:3 *   D:8 (


Innate Abilities, Weirdness & Mutations

You have a pair of large antennae on your head. (SInv)
A meltable shield of frost defends you. (SH +4)
Your touch may inflict irresistible damage on your foes.


Message History

The orc warrior splashes around in the water.
You punch the orc!
You kill the orc!
You closely miss the orc warrior.
You touch the orc warrior!
The orc warrior is moderately wounded.
You are no longer berserk.
You are exhausted.
You feel yourself slow down.
The orc warrior hits you with a +0 war axe.
You punch the orc warrior!
The orc warrior is heavily wounded.
The orc warrior closely misses you.
The orc warrior splashes around in the water.
The orc warrior completely misses you.
You hit the orc warrior. Your punch misses the orc warrior.
The orc warrior is severely wounded.
The orc warrior hits you with a +0 war axe.
The orc warrior misses you.
You punch the orc warrior!
The orc warrior is almost dead.
The orc warrior hits you with a +0 war axe.
The orc warrior hits you with a +0 war axe!
The orc warrior hits you with a +0 war axe.
You are too injured to fight recklessly!
You are too injured to fight recklessly!
You are too injured to fight recklessly!
You closely miss the orc warrior.
The orc warrior is almost dead.
The orc warrior misses you.
The orc warrior hits you with a +0 war axe!
* * * LOW HITPOINT WARNING * * *
Xom is interested.
As you read the scroll of teleportation, it crumbles to dust.
You feel strangely unstable.
The orc warrior hits you with a +0 war axe!
* * * LOW HITPOINT WARNING * * *
Xom is mildly amused.
The orc warrior hits you with a +0 war axe!
You die...
Xom titters!

....####...####......##
... #~g#####~~##....##♣
.. #~"!8..o8?[~#...##.♣
# #~.........~#'###..♣♣
#~..8...8..~#.~~~...♣
##.........##.~~~...♣
#~....∩....~#.~~~...∩
#~.........~#.~~~...♣
#@o~~...♣ #o###..♣♣
#og..##.♣ #.....##♣
#......# ....8...#
........$# ........!#
...8..8.!##


You could see 3 orc warriors and a goblin.

Vanquished Creatures
  Pikel (D:4)
  The ghost of GigaChad the Chopper, an amateur MiGl (D:4)
  2 water moccasins
  2 ice beasts
  2 orc warriors (Bailey)
  A black bear (D:6)
  3 ogres
  3 centaurs
  3 phantoms
  An elf zombie (Ossuary)
  A lemure (D:4)
  2 kobold brigands
  A necrophage (D:5)
  3 bullfrogs
  A scorpion (D:4)
  A wyvern zombie (D:4)
  A water moccasin zombie (D:4)
  2 bullfrog zombies (D:4)
  A centaur zombie (Ossuary)
  2 jellies (D:5)
  9 hounds
  3 orc priests
  7 iguanas
  3 orc wizards
  2 mummies (Ossuary)
  4 gnolls
  7 adders
  2 white imps (D:8)
  2 ufetubi (D:5)
  4 adder zombies (Ossuary)
  3 dart slugs
  23 orcs
  2 endoplasms
  9 goblins
  10 hobgoblins
  22 kobolds
  2 quokkas
  7 ball pythons
  4 bats
  4 frilled lizards
  A goblin zombie (Ossuary)
  7 hobgoblin zombies (Ossuary)
  A jackal zombie (Ossuary)
  11 kobold zombies (Ossuary)
  9 orc zombies (Ossuary)
  6 rats
  A rat zombie (Ossuary)
199 creatures vanquished.

Vanquished Creatures (others)
  A ball python (D:1)
1 creature vanquished.

Grand Total: 200 creatures vanquished

Notes
Turn   | Place    | Note
-------+----------+-------------------------------------------
     0 | D:1      | sanboga the Demonspawn Artificer began the quest for the
                  | Orb.
     0 | D:1      | Reached XP level 1. HP: 15/15 MP: 1/1
   687 | D:1      | Discovered your monstrous ancestry.
   687 | D:1      | Gained mutation: Your touch may inflict minor irresistible
                  | damage on your foes. [demonic ancestry]
   687 | D:1      | Reached XP level 2. HP: 17/21 MP: 2/2
   807 | D:1      | Found a faded altar of an unknown god.
  1589 | D:2      | Gained mutation: You have a pair of small antennae on your
                  | head. [demonic ancestry]
  1589 | D:2      | Reached XP level 3. HP: 26/26 MP: 3/3
  1614 | D:2      | Reached skill level 1 in Unarmed Combat
  1976 | D:3      | Reached XP level 4. HP: 13/33 MP: 4/4
  2200 | D:3      | Found Sir Zeba's General Store.
  2236 | D:3      | Bought a scroll of amnesia for 40 gold pieces
  2236 | D:3      | Bought 3 potions of might for 120 gold pieces
  2735 | D:3      | Found an iron altar of Okawaru.
  2736 | D:3      | Found a sacrificial altar of Ru.
  2737 | D:3      | Found a hide-covered altar of Uskayaw.
  2740 | D:3      | Found an ornate altar of the Wu Jian Council.
  2828 | D:3      | Reached skill level 2 in Unarmed Combat
  2843 | D:3      | Found a blossoming altar of Fedhas.
  2952 | D:4      | Found a snail-covered altar of Cheibriados.
  2971 | D:4      | Noticed a bullfrog
  2976 | D:4      | Killed a bullfrog
  2977 | D:4      | Gained mutation: You have a pair of antennae on your head.
                  | [demonic ancestry]
  2977 | D:4      | Reached XP level 5. HP: 21/39 MP: 5/5
  2994 | D:4      | Noticed an ogre
  3002 | D:4      | Killed an ogre
  3024 | D:4      | Reached skill level 3 in Unarmed Combat
  3057 | D:4      | Gained mutation: You have a pair of large antennae on your
                  | head. (SInv) [demonic ancestry]
  3057 | D:4      | Reached XP level 6. HP: 24/46 MP: 6/6
  3065 | D:4      | Found a sand-covered staircase.
  3073 | Ossuary  | Entered an ossuary
  3757 | D:4      | Gained mutation: Your touch may inflict irresistible damage
                  | on your foes. [demonic ancestry]
  3757 | D:4      | Reached XP level 7. HP: 33/52 MP: 7/7
  3983 | D:4      | Found a sparkling altar of Nemelex Xobeh.
  4107 | D:4      | Noticed Pikel
  4130 | D:4      | Killed Pikel
  4131 | D:4      | Reached skill level 5 in Unarmed Combat
  4131 | D:4      | Reached skill level 5 in Evocations
  4131 | D:4      | Gained mutation: A meltable shield of frost defends you.
                  | (SH +4) [demonic ancestry]
  4131 | D:4      | Reached XP level 8. HP: 31/60 MP: 8/8
  4415 | D:4      | Found a runed translucent gate.
  4415 | D:4      | Found a runed translucent gate.
  4417 | D:4      | Found a runed translucent gate.
  4420 | D:4      | Noticed GigaChad's ghost (amateur MiGl)
  4480 | D:4      | Killed GigaChad's ghost
  4887 | D:5      | Entered Level 5 of the Dungeon
  4964 | D:4      | Reached skill level 6 in Unarmed Combat
  5249 | D:5      | Reached skill level 5 in Fighting
  5422 | D:5      | Reached skill level 5 in Armour
  5450 | D:5      | Found a staircase to the Ecumenical Temple.
  5603 | Temple   | Entered the Ecumenical Temple
  5923 | D:5      | Reached XP level 9. HP: 68/68 MP: 9/9
  6570 | D:5      | Reached skill level 7 in Unarmed Combat
  7033 | D:6      | Found a burning altar of Makhleb.
  8410 | D:7      | Found a shimmering altar of Xom.
  8734 | D:7      | Found a shimmering blue altar of Sif Muna.
  9154 | D:7      | Became a worshipper of Xom the Elder Chaos God
  9243 | D:8      | XOM: silly message
  9250 | D:8      | Reached skill level 8 in Unarmed Combat
  9297 | D:8      | Found Wiaba's Antique Weapon Shoppe.
  9358 | D:8      | Found a flagged portal.
  9384 | Bailey   | Entered a bailey
  9577 | Bailey   | Noticed an orc warlord
  9658 | Bailey   | XOM: potion effect (berserk rage)
  9675 | Bailey   | Mangled by an orc warrior

Illustrated notes

Levels and vault maps discovered:
D:1:      lightli_arrival_lavapool, layout_loops_ring,
          hellmonk_ecumenical_altar_zigzags
D:2:      layout_rooms, basic_altar
D:3:      layout_loops_cross, fedhas_altar_2, minitemple, serial_shops,
          shop_coins
D:4:      layout_basic, kennysheep_slug_shrine, nemelex_spade_bored_becter,
          gammafunk_ghost_necromancy, chequers_ossuary_entry_cave, uniq_pikel
D:5:      minmay_razor_zed, layout_cave_pods, lemuel_temple_firewalk_b
D:6:      layout_layer_cave, kennysheep_mini_moat
D:7:      dreamdust_elfheim, layout_loops_corners, mainiacjoe_overflow_paths,
          mainiacjoe_overflow_alcove_4
D:8:      layout_loops_ring, enter_bailey_5, minmay_shop_grid_forest
Temple:   chequers_temple_sunken
Bailey:   bailey_axe_bossmonster_kennysheep, bailey

Skill      XL: |  1  2  3  4  5  6  7  8  9 |
---------------+----------------------------+-----
Armour         | 2 3 4 5 6 |  6.1
Unarmed Combat | 1 2 3 5 6 8 |  8.2
Fighting       | 2 3 4 5 6 |  6.4
Evocations     | 4 5 6 7 |  7.1
Maces & Flails | |  0.5
Dodging        | |  0.8
Stealth        | |  0.8

Action                   |  1- 3 |  4- 6 |  7- 9 || total
-------------------------+-------+-------+-------++-------
Melee: Club              |    22 |       |       ||    22
       Unarmed           |    86 |   201 |   351 ||   638
       Touch             |    19 |    39 |    72 ||   130
       Punch             |     2 |     5 |    10 ||    17
Evoke: Wand              |     2 |       |       ||     2
  Use: Scroll            |       |     7 |    11 ||    18
       Potion            |       |     1 |     2 ||     3
 Stab: Distracted        |     1 |       |       ||     1
       Invisible         |       |     4 |       ||     4
Armor: Leather armour    |    17 |       |       ||    17
       Ring mail         |    15 |    68 |    84 ||   167
Dodge: Dodged            |    60 |   116 |   216 ||   392
Block: Other             |       |       |    56 ||    56
